 Dungeon Crawl Stone Soup version 0.31-a0-240-gb923e448b6 (webtiles) character file.

Game seed: 13307892535155893230

9 Neural the Changeling (level 2, 0/19 HPs)
             Began as an Octopode Shapeshifter on July 12, 2023.
             Constricted to death by a ball python (1 damage)
             ... on level 1 of the Dungeon.
             The game lasted 00:03:26 (174 turns).

Neural the Changeling (Octopode Shapeshifter)        Turns: 174, Time: 00:03:27

Health: 0/19       AC:  1    Str: 14    XL:     2   Next: 16%
Magic:  2/2        EV: 10    Int: 10    God:
Gold:   0          SH:  0    Dex: 12    Spells: 1/1 levels left

rFire   . .          .
                       - Unarmed
rCold   . . .        (no shield)
rNeg    . . .        (helmet currently unavailable)
rPois   .            (no amulet)
rElec   .            (no ring)
rCorr   .            (no ring)
SInv    .            (no ring)
Will    .....        (no ring)
Stlth   ++           (no ring)
HPRegen 0.23/turn    (no ring)
MPRegen 0.08/turn    (no ring)
                     (no ring)

%: no passive effects
@: beast-form, constricted
A: beast (slay +2), almost no armour, amphibious, 8 rings, camouflage 1,
gelatinous body 1, (nimble swimmer 1), tentacles
a: no special abilities


You were on level 1 of the Dungeon.
You were a hulking beast.
You visited 1 branch of the dungeon, and saw 1 of its levels.

Inventory:

Talismans
 b - a beast talisman
Scrolls
 d - a scroll of fog {unknown}
Potions
 a - a potion of lignification
 c - a potion of enlightenment {unknown}


   Skills:
 + Level 2.0 Fighting
 + Level 2.1 Dodging
 + Level 2.1 Unarmed Combat
 + Level 3.3 Shapeshifting


You had one spell level left.
You didn't know any spells.
Your spell library was empty.

Dungeon Overview and Level Annotations

Branches:
Dungeon (1/15)

Altars:


Innate Abilities, Weirdness & Mutations

You are a hulking beast.
Your limbs bulge with bestial killing power. (Slay +2)
You cannot wear most types of armour.
You are amphibious.
You can wear up to eight rings at the same time.
Your skin changes colour to match your surroundings (Stealth+).
Your rubbery body absorbs attacks. (AC +1, EV +1)
((You are camouflaged when in or above water. (Stealth+)))
You have tentacles for arms and can constrict up to eight enemies at once.


Message History

You tentacle-slap the dart slug.
The dart slug is severely wounded.
You constrict the dart slug. The dart slug barely misses you.
You tentacle-slap the dart slug.
You kill the dart slug!
You have reached level 2!
Found a yellow potion.
You tentacle-slap the rat.
You kill the rat!
A kobold comes into view. It is wielding a +0 short sword.
A hobgoblin comes into view.
Found 2 stones.
The hobgoblin shouts!
You hear an angry hiss.
A ball python comes into view.
The kobold shouts!
You see here a scroll labelled XITHRO IHAJOE.
You see here a scroll labelled XITHRO IHAJOE.
You barely miss the hobgoblin. You grab the hobgoblin.
You constrict the hobgoblin. The hobgoblin barely misses you.
The ball python bites you. The ball python grabs you.
The ball python constricts you.
You tentacle-slap the hobgoblin.
The hobgoblin is heavily wounded.
You constrict the hobgoblin. The hobgoblin hits you. The ball python bites you.
The ball python constricts you.
You tentacle-slap the hobgoblin.
You kill the hobgoblin!
The kobold hits you with a +0 short sword.
The ball python barely misses you. The ball python constricts you.
You barely miss the kobold. You grab the kobold. You constrict the kobold.
The ball python bites you. The ball python constricts you.
The kobold hits you with a +0 short sword.
* * * LOW HITPOINT WARNING * * *
You completely miss the kobold.
The kobold is moderately wounded.
You constrict the kobold, but do no damage.
The ball python bites you.
* * * LOW HITPOINT WARNING * * *
The ball python constricts you.
You die...

#...........# #
#.......#.†(### #.
#.......#.....#
#.##.........#...#####
.##......#..##..........
.....!......##.####.....
#................###...
##......................
......†h......†....####.
......SK?.........## #.
.........?........# #...
..........#####.########
..........( ..# #.###
............ ....##..#
............. ..g. ###.
............## ##
..........## ###.


You could see a ball python and a kobold.

Vanquished Creatures
  2 dart slugs (D:1)
  2 hobgoblins (D:1)
  A frilled lizard (D:1)
  A rat (D:1)
6 creatures vanquished.

Notes
Turn   | Place    | Note
-------+----------+-------------------------------------------
     0 | D:1      | Neural the Octopode Shapeshifter began the quest for the
                  | Orb.
     0 | D:1      | Reached XP level 1. HP: 14/14 MP: 1/1
   161 | D:1      | Reached XP level 2. HP: 19/19 MP: 2/2
   174 | D:1      | Constricted to death by a ball python

Illustrated notes

Levels and vault maps discovered:
D:1:      dpeg_arrival_radiant, layout_rooms, kennysheep_flooded_box

Action                     || total
---------------------------++-------
  Melee: Unarmed           ||    12
         Constrict         ||     5
         Punch             ||     1
         Tentacles         ||     1
  Dodge: Dodged            ||     6

Table legend: (Time is in decaauts)
 A = Elapsed time spent in this place.
 B = Non-inter-level travel time spent in this place.
 C = Inter-level travel time spent in this place.
 D = Time resting spent in this place.
 E = Time spent auto-exploring this place.
 F = Levels seen in this place.
 G = Mean time per level.
                   A        B        C        D        E       F      G
               +--------+--------+--------+--------+--------+-----+--------+
         Total |    173 |     47 |    126 |      0 |      0 |   1 |  173.0 |
       Dungeon |    173 |     47 |    126 |      0 |      0 |   1 |  173.0 |
               +--------+--------+--------+--------+--------+-----+--------+

Top non-repeatable levels by time:
     D:1: 173 daAuts
